 Dungeon Crawl Stone Soup version 0.19-a0-1827-g174f941 (webtiles) character file.

7032 Amnesiac the Thaumaturge (level 10, 63/63 HPs)
             Began as a Mummy Wizard on Oct 7, 2016.
             Was a Priest of Kikubaaqudgha.
             Quit the game on level 10 of the Dungeon.
             The game lasted 00:26:27 (12321 turns).

Amnesiac the Thaumaturge (Mummy Wizard)            Turns: 12321, Time: 00:26:28

Health: 63/63      AC:  9    Str: 10    XL:     10   Next: 82%
Magic:  19/25      EV: 11    Int: 23    God:    Kikubaaqudgha [***...]
Gold:   617        SH:  0    Dex: 11    Spells: 7 memorised, 16 levels left

rFire  . . .     SeeInvis .     y - +4 scimitar (flame)
rCold  . . .     Gourm    .     z - +3 leather armour of the Comet {rPois Regen+ rCorr Dex-4}
rNeg   + + +     Faith    .     (no shield)
rPois  ∞         Spirit   .     b - +0 hat
rElec  .         Dismiss  .     c - +2 cloak
rCorr  +         Reflect  .     (no gloves)
MR     +....     Harm     .     (no boots)
Stlth  +.........               u - amulet of regeneration
                                n - ring of fire
                                m - +6 ring of intelligence

@: repel missiles
A: no food or potions, fire vulnerability, cold resistance 1, negative energy
resistance 3, torment resistance, unbreathing
a: Receive Corpses, Renounce Religion


You were on level 10 of the Dungeon.
You worshipped Kikubaaqudgha.
Kikubaaqudgha was most pleased with you.
You were not hungry.

You visited 2 branches of the dungeon, and saw 11 of its levels.
You also visited: Sewer.

You collected 617 gold pieces.

Inventory:

Hand Weapons
 s - a +2 spear of flaming
 y - a +4 scimitar of flaming (weapon)
Missiles
 t - a throwing net (quivered)
Armour
 b - a +0 hat (worn)
 c - a +2 cloak (worn)
 z - the +3 leather armour of the Comet (worn) {rPois Regen+ rCorr Dex-4}
   (You found it on level 8 of the Dungeon)

   It affects your dexterity (-4).
   It protects you from poison.
   It increases your rate of regeneration.
   It protects you from acid and corrosion.
Jewellery
 i - a +4 ring of dexterity
 m - a +6 ring of intelligence (left hand)
 n - a ring of fire (right hand)
 u - an amulet of regeneration (around neck)
Wands
 a - a wand of hasting (5/9)
 e - a wand of flame (16/48)
 k - a wand of iceblast (5/15)
 o - a wand of teleportation (5/9)
Scrolls
 d - 2 scrolls of teleportation
 f - 4 scrolls of magic mapping
 g - a scroll of fear
 j - a scroll of enchant armour {unknown}
 l - 2 scrolls of recharging
 p - 5 scrolls of remove curse
 r - 3 scrolls of identify
 v - a scroll of amnesia
 x - a scroll of blinking {unknown}
Books
 h - Kikubaaqudgha's Handbook of Necromancy
   (Kikubaaqudgha gifted it to you on level 10 of the Dungeon)

   Spells                             Type                      Level
   a - Animate Dead                   Necromancy                   4
   b - Excruciating Wounds            Charms/Necromancy            5
   c - Cigotuvi's Embrace             Necromancy                   5
   d - Dispel Undead                  Necromancy                   5
   e - Death Channel                  Necromancy                   6
 q - Kikubaaqudgha's Disquisition on Necromancy
   (Kikubaaqudgha gifted it to you on level 3 of the Dungeon)

   Spells                             Type                      Level
   a - Animate Skeleton               Necromancy                   1
   b - Pain                           Necromancy                   1
   c - Corpse Rot                     Necromancy                   2
   d - Vampiric Draining              Necromancy                   3
   e - Control Undead                 Necromancy                   4


   Skills:
 - Level 1.5 Dodging
 - Level 1.5 Stealth
 + Level 11.6 Spellcasting
 - Level 1.0 Conjurations
 - Level 0.7 Summonings
 - Level 11.0 Necromancy
 - Level 0.7 Translocations


You had 16 spell levels left.
You knew the following spells:

 Your Spells              Type           Power        Failure   Level  Hunger
a - Repel Missiles        Chrm/Air       ##....       12%         2    N/A
b - Blink                 Tloc           N/A          10%         2    N/A
c - Magic Dart            Conj           ###.         6%          1    N/A
d - Call Imp              Summ           ###.....     10%         2    N/A
e - Mephitic Cloud        Conj/Pois/Air  ##......     21%         3    N/A
f - Vampiric Draining     Necr           ######....   1%          3    N/A
s - Conjure Flame         Conj/Fire      ###.....     21%         3    N/A

Dungeon Overview and Level Annotations

Branches:
Dungeon (10/15)            Temple (1/1) D:6
   Lair: D:8-11         Orc: D:9-12

Altars:
Fedhas
Gozag
Hepliaklqana
Kikubaaqudgha
Okawaru
Ru
Sif Muna
Uskayaw
Yredelemnul
Zin
The Shining One

Shops:
D:8 [


Innate Abilities, Weirdness & Mutations

You do not eat or drink.
Your flesh is vulnerable to fire.
You are immune to poison.
Your flesh is cold resistant. (rC+)
You are immune to negative energy. (rN+++)
You are immune to unholy pain and torment.
You can survive without breathing.


Message History

Erolcha is heavily wounded.
You catch the helpless Erolcha completely off-guard!
You hit Erolcha. You burn Erolcha.
Erolcha is heavily wounded.
You slash Erolcha! You burn Erolcha.
Erolcha is severely wounded.
Erolcha cries.
Erolcha barely misses you.
You hit Erolcha. You burn Erolcha.
Erolcha is almost dead.
You hit Erolcha but do no damage.
Erolcha is almost dead.
You hit Erolcha. You burn Erolcha.
You kill Erolcha!
Kikubaaqudgha accepts your kill.
You see here Kikubaaqudgha's Handbook of Necromancy.
Kikubaaqudgha grants you a gift! h - Kikubaaqudgha's Handbook of Necromancy
Okay, then.
Are you sure you want to abandon this character and quit the game? (Confirm with "yes".)

..........# #..# ..
#.....<..# #..###..
#........# #.......
#........# #.......
#.......)###...)Oz.
#.............)##..
#..............# ..
#.........##...# ..
#.@.......##...# ..
#.).......##...# ..
#.........##...# ..
#.........##...# ..
#.........##...#
#.........##...#
#.........#
#.....$...


There were no monsters in sight!

Vanquished Creatures
  Erolcha (D:10)
  Erica (D:8)
  Pikel (D:8)
  Joseph (D:8)
  A hornet (D:8)
  Sigmund (D:6)
  A spriggan (D:7)
  7 yaks
  A hungry ghost (D:7)
  A water moccasin (D:10)
  Purgy (D:6)
  2 ice beasts
  A sky beast (D:8)
  2 orc warriors
  2 slaves (D:8)
  2 ogres
  2 centaurs
  A big kobold (D:9)
  The ghost of p0werm0de the Digger, an amateur VSEE (D:4)
  5 bullfrogs
  A water moccasin zombie (D:7)
  3 scorpions
  A water moccasin skeleton (D:3)
  9 wights
  5 killer bees (D:7)
  A howler monkey (D:5)
  A crimson imp (D:9)
  A bullfrog zombie (D:9)
  2 jellies (D:5)
  A bullfrog skeleton (D:4)
  4 hounds
  4 orc priests
  6 orc wizards
  An iguana (D:5)
  5 worker ants
  A hound zombie (D:7)
  3 gnolls
  14 adders
  2 adder skeletons
  2 dart slugs
  8 leopard geckos
  22 orcs
  2 ball pythons
  6 bats
  3 giant cockroaches
  5 goblins
  8 hobgoblins
  3 jackals
  4 quokkas
  4 frilled lizards
  A jackal skeleton (D:4)
  11 kobolds
  3 leopard gecko skeletons
  2 quokka skeletons
  A quokka zombie (D:5)
  8 rats
193 creatures vanquished.

Vanquished Creatures (collateral kills)
  An ice beast (D:5)
  2 ogres
  A killer bee (D:7)
  A crimson imp (D:6)
  3 adders
  A worm (D:1)
  A leopard gecko (D:1)
  2 orcs
  A bat (D:1)
  A kobold (D:1)
14 creatures vanquished.

Vanquished Creatures (others)
  An orc (D:7)
1 creature vanquished.

Grand Total: 208 creatures vanquished

Notes
Turn   | Place    | Note
-------+----------+-------------------------------------------
     0 | D:1      | Amnesiac the Mummy Wizard began the quest for the Orb.
     0 | D:1      | Reached XP level 1. HP: 13/13 MP: 4/4
     2 | D:1      | Reached skill level 1 in Conjurations
   188 | D:1      | Reached XP level 2. HP: 18/19 MP: 1/6
   192 | D:1      | Learned a level 2 spell: Call Imp
   639 | D:1      | Reached XP level 3. HP: 17/24 MP: 0/8
   644 | D:1      | Learned a level 3 spell: Conjure Flame
   648 | D:1      | Learned a level 3 spell: Mephitic Cloud
  1323 | D:4      | Noticed an ogre
  1343 | D:4      | Killed an ogre
  1343 | D:4      | Reached skill level 5 in Spellcasting
  1343 | D:4      | Reached XP level 4. HP: 30/30 MP: 2/11
  1425 | D:4      | Learned a level 2 spell: Repel Missiles
  1429 | D:4      | Learned a level 2 spell: Blink
  1538 | D:4      | Reached XP level 5. HP: 18/35 MP: 7/12
  2068 | D:4      | Noticed p0werm0de's ghost (amateur VSEE)
  2354 | D:4      | Killed p0werm0de's ghost
  2510 | D:4      | Found a glowing golden altar of the Shining One.
  2674 | D:4      | Reached XP level 6. HP: 13/41 MP: 5/15
  3473 | D:5      | Entered Level 5 of the Dungeon
  4013 | D:5      | Reached XP level 7. HP: 46/46 MP: 0/17
  5160 | D:6      | Noticed Sigmund
  5298 | D:6      | Found a staircase to the Ecumenical Temple.
  5315 | Temple   | Entered the Ecumenical Temple
  5324 | Temple   | Became a worshipper of Kikubaaqudgha
  5354 | D:6      | Killed Sigmund
  5395 | D:6      | Found a glowing drain.
  5402 | Sewer    | Entered a sewer
  5591 | Sewer    | Noticed Purgy
  5666 | Sewer    | Got a jewelled chain mail
  5740 | D:6      | Killed Purgy
  5740 | D:6      | Reached XP level 8. HP: 20/52 MP: 5/21
  7086 | D:3      | Reached * piety under Kikubaaqudgha
  7086 | D:3      | Identified Kikubaaqudgha's Disquisition on Necromancy (Kikubaaqudgha gifted it to you on level 3 of the Dungeon)
  7086 | D:3      | Received a gift from Kikubaaqudgha
  7193 | D:3      | Reached skill level 1 in Necromancy
  8265 | D:7      | Reached skill level 5 in Necromancy
  8863 | D:7      | Reached XP level 9. HP: 57/57 MP: 18/22
  9386 | D:7      | Reached ** piety under Kikubaaqudgha
  9552 | D:7      | Reached skill level 10 in Spellcasting
  9671 | D:8      | Noticed Psyche
  9672 | D:8      | Noticed Erica
 10202 | D:8      | Noticed Pikel
 10231 | D:8      | Found Wijisiuf's Armour Shop.
 10611 | D:8      | Killed Pikel
 11044 | D:8      | Killed Erica
 11044 | D:8      | Reached skill level 10 in Necromancy
 11044 | D:8      | Reached XP level 10. HP: 38/63 MP: 1/24
 11299 | D:8      | Got a jewelled leather armour
 11321 | D:8      | Noticed Psyche
 11343 | D:8      | Killed Psyche the hornet
 11395 | D:8      | Identified the +3 leather armour of the Comet {rPois Regen+ rCorr Dex-4} (You found it on level 8 of the Dungeon)
 11405 | D:8      | Identified the +7 chain mail "Daekeow" {MR+} (You found it in a sewer)
 11447 | D:8      | Learned a level 3 spell: Vampiric Draining
 11513 | D:9      | Noticed Joseph
 11539 | D:8      | Killed Joseph
 12250 | D:10     | Entered Level 10 of the Dungeon
 12285 | D:10     | Noticed Erolcha
 12319 | D:10     | Killed Erolcha
 12319 | D:10     | Reached *** piety under Kikubaaqudgha
 12319 | D:10     | Identified Kikubaaqudgha's Handbook of Necromancy (Kikubaaqudgha gifted it to you on level 10 of the Dungeon)
 12319 | D:10     | Received a gift from Kikubaaqudgha
 12321 | D:10     | Quit the game

Vault maps used:
D:1:      minmay_arrival_shattered_statue
D:2:      minmay_misc_feat_pillars
D:3:      lemuel_upstairs_altar, st_stairs_11, small_statue_alley_b,
          lemuel_flame_loot_1
D:4:      first_bread, lemuel_statue_altar
D:6:      lightli_sewer_entry_pipes, eino_small_chamber_without_monster,
          uniq_sigmund
D:7:      the_bakery
D:8:      serial_shops, nicolae_shop_temple_entry_statues_fountains,
          uniq_psyche, uniq_pikel, uniq_erica
D:9:      uniq_joseph
D:10:     dpeg_oklobed_lair, uniq_erolcha
Temple:   grunt_wide_crystal_templ
Sewer:    sewer_the_crocodile

Skill      XL: |  1  2  3  4  5  6  7  8  9 10 |
---------------+-------------------------------+-----
Conjurations   | 1 |  1.0
Spellcasting   | 4 5 6 7 9 10 11 | 11.6
Necromancy     | 6 10 11 | 11.0
Dodging        | |  1.5
Stealth        | |  1.5
Summonings     | |  0.7
Translocations | |  0.7

Action                   |  1- 3 |  4- 6 |  7- 9 | 10-12 || total
-------------------------+-------+-------+-------+-------++-------
Melee: Short sword       |    25 |    71 |    49 |       ||   145
       Unarmed           |     3 |       |       |       ||     3
       Spear             |       |       |   274 |       ||   274
       Scimitar          |       |       |       |    97 ||    97
 Cast: Magic Dart        |    61 |    88 |   183 |     3 ||   335
       Call Imp          |    11 |     5 |     6 |       ||    22
       Conjure Flame     |       |     3 |    18 |     9 ||    30
       Repel Missiles    |       |     2 |       |       ||     2
       Mephitic Cloud    |       |    13 |    52 |    12 ||    77
       Blink             |       |     5 |     8 |       ||    13
  Use: Scroll            |       |       |    13 |     1 ||    14
 Stab: Confused          |       |     9 |    31 |     4 ||    44
       Distracted        |       |       |     2 |       ||     2
       Sleeping          |       |       |     1 |       ||     1
Armor: Robe              |    16 |     8 |    81 |     3 ||   108
       Leather armour    |       |       |       |    11 ||    11
Dodge: Dodged            |    45 |    56 |   194 |    47 ||   342
       Deflected         |       |     2 |     1 |     1 ||     4
       Rpst.: Scimitar   |       |       |       |    20 ||    20
